 Dungeon Crawl Stone Soup version 0.18.1-48-g4cf74bf (webtiles) character file.

149 atgrul the Digger (level 5, -2/28 HPs)
             Began as a Gargoyle Earth Elementalist on July 25, 2016.
             Killed from afar by an orc wizard (9 damage)
             ... with a magic dart
             ... on level 2 of the Dungeon on July 28, 2016.
             The game lasted 00:19:03 (3660 turns).

atgrul the Digger (Gargoyle Earth Elementalist)     Turns: 3660, Time: 00:19:04

Health: -2/28      AC:  6    Str: 12    XL:     5   Next: 31%
Magic:  1/8        EV: 12    Int: 19    God:
Gold:   122        SH:  0    Dex: 10    Spells: 2 memorised, 4 levels left

rFire  . . .     SeeInvis .     o - +3 dagger (venom)
rCold  . . .     Gourm    .     a - +0 robe
rNeg   + . .     Faith    .     (no shield)
rPois  ∞         Spirit   .     q - +0 hat
rElec  +         Dismiss  .     (no cloak)
rCorr  .         Reflect  .     (no gloves)
SustAt .         Harm     .     (no boots)
MR     +....                    (no amulet)
Stlth  ++........               l - +3 ring of intelligence
                                f - ring of protection from magic

@: somewhat resistant to hostile enchantments, unstealthy
A: negative energy resistance 1, electricity resistance, unbreathing,
petrification resistance, rot immunity, AC +4
a: no special abilities


You were on level 2 of the Dungeon.
You were hungry.

You visited 1 branch of the dungeon, and saw 4 of its levels.

You collected 122 gold pieces.

Inventory:

Hand Weapons
 i - a +0 short sword
 o - a +3 dagger of venom (weapon)
Missiles
 b - 71 stones (quivered)
Armour
 a - a +0 robe (worn)
 q - a +0 hat (worn)
Jewellery
 f - a ring of protection from magic (left hand)
 l - a +3 ring of intelligence (right hand)
 m - an uncursed ring of sustain attributes {unknown}
 p - an uncursed ring of resist corrosion {unknown}
Scrolls
 e - 2 scrolls of fear
 h - a scroll of blinking {unknown}
 k - 2 scrolls of immolation {unknown}
 r - a scroll of random uselessness {unknown}
 s - a scroll of magic mapping {unknown}
 t - 2 scrolls of identify
 u - a scroll of remove curse {unknown}
Potions
 g - a potion of might {unknown}
 n - a potion of cure mutation {unknown}
Books
 c - a book of Geomancy

   Spells                             Type                      Level
   a - Sandblast                      Earth                        1
   b - Passwall                       Transmutation/Earth          2
   c - Stone Arrow                    Conjuration/Earth            3
   d - Petrify                        Transmutation/Earth          4
   e - Lee's Rapid Deconstruction     Earth                        5
Comestibles
 d - 2 bread rations
 j - a meat ration


   Skills:
 - Level 1.5 Dodging
 - Level 2.1 Stealth
 - Level 2.1 Spellcasting
   Level 0.7 Transmutations
 + Level 7.0 Earth Magic


You had 4 spell levels left.
You knew the following spells:

 Your Spells              Type           Power        Failure   Level  Hunger
a - Sandblast             Erth           ####..       1%          1    #......
b - Stone Arrow           Conj/Erth      ###...       12%         3    ###....


Dungeon Overview and Level Annotations

Branches:
Dungeon (4/15)
 Temple: D:4-7

Altars:
Nemelex Xobeh

Annotations:
D:3 Grinder


Innate Abilities, Weirdness & Mutations

You are resistant to torment.
Your stone body is resilient (AC +4).
You are immune to poison.
You resist negative energy.
You are resistant to electric shocks.
You can survive without breathing.
You are immune to petrification.
You are immune to rotting.


Message History

Aim: an orc, wielding a flail of protection and wearing a ring mail (almost dead)
The blast of sand hits the orc.
The orc is almost dead.
The orc hits you but does no damage.
Casting: Sandblast
Confirm with . or Enter, or press ? or * to list all spells.
Aiming: Sandblast
Press: ? - help, Shift-Dir - straight line, f/p - orc
Aim: an orc, wielding a flail of protection and wearing a ring mail (almost dead)
The blast of sand misses the orc.
Casting: Sandblast
Confirm with . or Enter, or press ? or * to list all spells.
Aiming: Stone Arrow
Press: ? - help, Shift-Dir - straight line, f/p - orc
Aim: an orc, wielding a flail of protection and wearing a ring mail (almost dead)
The stone arrow misses the orc.
You hear some strange, mumbled words.
A magic dart appears from out of thin air!
The magic dart hits you!
You die...

#...# #...# #...# #...# #...##
#....###### #########....)#...#
####......)...o....#.# #####
#....######..###@###.# #...#
..#####.....## #.....#######...#
..####..###########............#
.........).r...............#...#
..####÷############..#######...#
...#.>.# ##..## ##### ##...#####
#....## ##.......## ##..#..#
#..#####..# #....#.#


You could see an orc.

Vanquished Creatures
  An orc wizard (D:3)
  2 adders (D:2)
  An ooze (D:2)
  2 worms
  2 dart slugs
  2 giant geckos (D:1)
  3 orcs (D:3)
  5 giant cockroaches
  18 goblins
  10 hobgoblins
  5 jackals
  9 kobolds
  4 quokkas
  A ball python (D:2)
  2 bats
  4 giant newts
  9 rats
80 creatures vanquished.

Notes
Turn   | Place    | Note
--------------------------------------------------------------
     0 | D:1      | atgrul the Gargoyle Earth Elementalist began the quest for the Orb.
     0 | D:1      | Reached XP level 1. HP: 10/10 MP: 3/3
   243 | D:1      | Reached skill level 4 in Earth Magic
   280 | D:1      | Reached XP level 2. HP: 9/15 MP: 0/5
  1065 | D:1      | Reached XP level 3. HP: 18/19 MP: 3/6
  1135 | D:1      | Reached skill level 5 in Earth Magic
  1195 | D:1      | Found a sparkling altar of Nemelex Xobeh.
  1567 | D:2      | Found a faded altar to an unknown god.
  2108 | D:2      | Reached XP level 4. HP: 15/24 MP: 0/7
  2494 | D:3      | Noticed Grinder
  2531 | D:2      | Reached skill level 6 in Earth Magic
  2741 | D:4      | Noticed an ogre
  3163 | D:3      | Reached XP level 5. HP: 18/28 MP: 3/8
  3456 | D:3      | Learned a level 3 spell: Stone Arrow
  3540 | D:3      | Reached skill level 7 in Earth Magic
  3660 | D:2      | Killed from afar by an orc wizard

Skill      XL: |  1  2  3  4  5 |
---------------+----------------+-----
Earth Magic    | 4 5 6 7 |  7.0
Dodging        | |  1.5
Stealth        | |  2.1
Spellcasting   | |  2.1
Transmutations | |  0.7

Action                   |  1- 3 |  4- 6 || total
-------------------------+-------+-------++-------
Melee: Unarmed           |    14 |       ||    14
       Short sword       |    38 |       ||    38
       Dagger            |     2 |    21 ||    23
 Cast: Sandblast         |    92 |    77 ||   169
       Stone Arrow       |       |     3 ||     3
  Use: Scroll            |       |     4 ||     4
  Eat: Chunk             |     2 |       ||     2
       Bread ration      |     1 |     1 ||     2
Armor: Robe              |    31 |    45 ||    76
Dodge: Dodged            |    61 |    57 ||   118
